SAA
ATHLETIC CLUB KC ACADEMY @ WESTWOOD SIXSHOOTERS
08/07/2021
 
TOP OF THE 1ST
Athletic Club KC Academy batting - Pitching for Westwood Sixshooters : RHP Jorge Carrión
Pitching: RHP Jorge Carrión
Batting: SHB António Montés 0-0: Ball
1-0: Fly out, F7 (Line Drive, 78M)
Batting: RHB Chris Teague 0-0: Ball
1-0: Called Strike
1-1: SINGLE (Groundball, 6MD)
Batting: RHB Jason Dunn 0-0: Ball
Pickoff Throw to First - Out!
1-0: DOUBLE (Line Drive, 3D)
Batting: RHB John Williams 0-0: Called Strike
0-1: Foul Ball, location: 2F
0-2: Ball
1-2: Ball
2-2: Foul Ball, location: 2F
2-2: 2-RUN HOME RUN (Flyball, 7D), Distance : 375 ft
Batting: RHB Mike Lovell 0-0: Fly out, F5 (Popup, 5F)
Top of the 1st over - 2 run(s), 3 hit(s), 0 error(s), 0 left on base; Athletic Club KC Academy 2 - Westwood 0
BOTTOM OF THE 1ST
Westwood Sixshooters batting - Pitching for Athletic Club KC Academy : RHP Severiano Duclos
Pitching: RHP Severiano Duclos
Batting: RHB Aurelio García 0-0: Fly out, F7 (Flyball, 7LMF)
Batting: RHB Manuel Becerra 0-0: Ball
1-0: Foul Ball, location: 2F
1-1: SINGLE (Groundball, 6MD)
Batting: RHB Brandon Cooper 0-0: Ball
1-0: SINGLE (Line Drive, 6MD)
Manuel Becerra to second
Batting: RHB Pedro Cortés 0-0: Ground out 5-3 (Groundball, 56S)
Manuel Becerra to third
Brandon Cooper to second
Batting: RHB Sergio Martínez 0-0: Ball
1-0: Called Strike
1-1: Swinging Strike
1-2: Strikes out swinging
Bottom of the 1st over - 0 run(s), 2 hit(s), 0 error(s), 2 left on base; Athletic Club KC Academy 2 - Westwood 0
TOP OF THE 2ND
Athletic Club KC Academy batting - Pitching for Westwood Sixshooters : RHP Jorge Carrión
Batting: RHB Bob Curry 0-0: Foul Ball, location: 2F
0-1: Foul Ball, location: 2F
0-2: Foul Ball, location: 2F
0-2: Strikes out swinging
Batting: RHB Frank Church 0-0: Ball
1-0: Called Strike
1-1: Foul Ball, location: 2F
1-2: Foul Ball, location: 2F
1-2: Foul Ball, location: 2F
1-2: Foul Ball, location: 2F
1-2: Foul Ball, location: 2F
1-2: Ball
2-2: Foul Ball, location: 2F
2-2: Ball
3-2: SINGLE (Line Drive, 9S)
Batting: RHB William Williams 0-0: Ball
Frank Church is caught stealing 2nd base
1-0: Ball
2-0: Ball
3-0: Called Strike
3-1: Base on Balls
Batting: LHB Ed Hammond 0-0: Ball
1-0: Foul Ball, location: 2F
1-1: Foul Ball, location: 2F
1-2: Ball
2-2: Foul Ball, location: 2F
2-2: Ball
3-2: Fly out, F9 (Flyball, 89M)
Top of the 2nd over - 0 run(s), 1 hit(s), 0 error(s), 1 left on base; Athletic Club KC Academy 2 - Westwood 0
BOTTOM OF THE 2ND
Westwood Sixshooters batting - Pitching for Athletic Club KC Academy : RHP Severiano Duclos
Batting: RHB Bob Howells 0-0: Called Strike
0-1: Ball
1-1: Foul Ball, location: 2F
1-2: Ball
2-2: Ball
3-2: Base on Balls
Batting: RHB Winston Sparks 0-0: Ball
1-0: Swinging Strike
1-1: Called Strike
1-2: Ball
2-2: Strikes out swinging
Batting: SHB Arnold Smith 0-0: Ball
1-0: Ball
2-0: Ball
3-0: Base on Balls
Bob Howells to second
Batting: LHB Brian Boone 0-0: Reached on error, E3 (Groundball, 3)
Bob Howells to third
Arnold Smith to second
Batting: RHB Aurelio García 0-0: Ball
1-0: Ball
2-0: Ball
3-0: Base on Balls
Bob Howells scores
Arnold Smith to third
Brian Boone to second
Batting: RHB Manuel Becerra 0-0: Ball
1-0: Ball
2-0: Called Strike
2-1: SINGLE (Line Drive, 7S)
Arnold Smith scores
Brian Boone to third
Aurelio García to second
Batting: RHB Brandon Cooper 0-0: Fly out, F4 (Popup, 4D)
Batting: RHB Pedro Cortés 0-0: Ball
1-0: Fly out, F9 (Flyball, 9D)
Bottom of the 2nd over - 2 run(s), 1 hit(s), 1 error(s), 3 left on base; Athletic Club KC Academy 2 - Westwood 2
TOP OF THE 3RD
Athletic Club KC Academy batting - Pitching for Westwood Sixshooters : RHP Jorge Carrión
Batting: SHB António Montés 0-0: Ball
1-0: Ball
2-0: Ball
3-0: Base on Balls
Batting: RHB Chris Teague 0-0: Ball
António Montés steals 2nd base
1-0: Called Strike
1-1: Swinging Strike
1-2: Ball
2-2: Strikes out swinging
Batting: RHB Jason Dunn 0-0: Ball
1-0: Ball
2-0: Called Strike
2-1: Ground out 6-3 (Groundball, 6)
Batting: RHB John Williams 0-0: Ball
1-0: Foul Ball, location: 2F
1-1: Ball
2-1: Ball
3-1: 2-RUN HOME RUN (Line Drive, 9D), Distance : 397 ft
Batting: RHB Mike Lovell 0-0: Ball
1-0: Ball
2-0: Fly out, F9 (Flyball, 9M)
Top of the 3rd over - 2 run(s), 1 hit(s), 0 error(s), 0 left on base; Athletic Club KC Academy 4 - Westwood 2
BOTTOM OF THE 3RD
Westwood Sixshooters batting - Pitching for Athletic Club KC Academy : RHP Severiano Duclos
Batting: RHB Sergio Martínez 0-0: Fly out, F3 (Line Drive, 3S)
Batting: RHB Bob Howells 0-0: Ball
1-0: Swinging Strike
1-1: Foul Ball, location: 2F
1-2: TRIPLE (Line Drive, 7LM)
Batting: RHB Winston Sparks 0-0: Ball
1-0: SINGLE (Line Drive, 7S)
Bob Howells scores
Batting: SHB Arnold Smith 0-0: Swinging Strike
0-1: Ball
1-1: Ball
2-1: Fly out, F6 (Popup, 6M)
Batting: LHB Brian Boone 0-0: DOUBLE (Flyball, 7LS)
Winston Sparks to third
Runner from 3rd tries for Home, SAFE, no throw or cutoff
Batting: RHB Aurelio García 0-0: Ball
1-0: Ground out 6-3 (Groundball, 6)
Bottom of the 3rd over - 2 run(s), 3 hit(s), 0 error(s), 1 left on base; Athletic Club KC Academy 4 - Westwood 4
TOP OF THE 4TH
Athletic Club KC Academy batting - Pitching for Westwood Sixshooters : RHP Jorge Carrión
Batting: RHB Bob Curry 0-0: Called Strike
0-1: SINGLE (Groundball, 6MD)
Batting: RHB Frank Church 0-0: Ball
1-0: Called Strike
1-1: Ball
2-1: Reached on Error, E6 (Popup, 56)
Bob Curry to second
Batting: RHB William Williams 0-0: Ball
1-0: Foul Ball, location: 2F
1-1: Ball
2-1: Fly out, F8 (Flyball, 8LXD)
Runner from 2nd tags up, SAFE at 3rd, no throw
Batting: LHB Ed Hammond 0-0: Ball
1-0: Called Strike
Frank Church steals 2nd base
1-1: SINGLE (Groundball, 34D)
Bob Curry scores
Frank Church to third
Runner from 3rd tries for Home, SAFE, no throw or cutoff
Batting: SHB António Montés 0-0: Ball
1-0: Grounds out, U3 (Groundball, 3L)
Batting: RHB Chris Teague 0-0: Called Strike
0-1: Ball
1-1: Ground out U3 (Groundball, 3S)
Top of the 4th over - 2 run(s), 2 hit(s), 1 error(s), 1 left on base; Athletic Club KC Academy 6 - Westwood 4
BOTTOM OF THE 4TH
Westwood Sixshooters batting - Pitching for Athletic Club KC Academy : RHP Severiano Duclos
Batting: RHB Manuel Becerra 0-0: Called Strike
0-1: Foul Ball, location: 2F
0-2: Ball
1-2: Ball
2-2: Foul Ball, location: 2F
2-2: Ball
3-2: Foul Ball, location: 2F
3-2: SINGLE (Line Drive, 56D)
Batting: RHB Brandon Cooper 0-0: Ball
1-0: Foul Ball, location: 2F
1-1: Ball
2-1: Ball
3-1: Base on Balls
Manuel Becerra to second
Batting: RHB Pedro Cortés 0-0: Fly out, F9 (Popup, 89S)
Batting: RHB Sergio Martínez 0-0: Foul Ball, location: 2F
0-1: Ball
1-1: SINGLE (Line Drive, 7LM)
Manuel Becerra to third
Brandon Cooper to second
Runner from 3rd tries for Home, SAFE, no throw or cutoff
Batting: RHB Bob Howells 0-0: Ball
1-0: Ball
2-0: Called Strike
2-1: Grounds into double play, 1-4-3 (Groundball, 13)
Bottom of the 4th over - 1 run(s), 2 hit(s), 0 error(s), 1 left on base; Athletic Club KC Academy 6 - Westwood 5
TOP OF THE 5TH
Athletic Club KC Academy batting - Pitching for Westwood Sixshooters : RHP Jorge Carrión
Batting: RHB Jason Dunn 0-0: Called Strike
0-1: Foul Ball, location: 2F
0-2: Foul Ball, location: 2F
0-2: Ball
1-2: Ball
2-2: Ball
3-2: Foul Ball, location: 2F
3-2: Foul Ball, location: 2F
3-2: Foul Ball, location: 2F
3-2: Base on Balls
Batting: RHB John Williams 0-0: Swinging Strike
0-1: Ball
1-1: Ball
2-1: Ball
3-1: Called Strike
3-2: Foul Ball, location: 2F
3-2: Foul Ball, location: 2F
3-2: Base on Balls
Jason Dunn to second
Batting: RHB Mike Lovell 0-0: Ball
1-0: Foul Ball, location: 2F
1-1: Ball
2-1: Foul Ball, location: 2F
2-2: Strikes out swinging
Pitching: RHP Paul Abbott
Batting: RHB Bob Curry 0-0: Fly out, F3 (Popup, 34)
Batting: RHB Frank Church 0-0: Called Strike
0-1: Ball
1-1: Fielders Choice at 2nd, U6 (Groundball, 6M)
Top of the 5th over - 0 run(s), 0 hit(s), 0 error(s), 2 left on base; Athletic Club KC Academy 6 - Westwood 5
BOTTOM OF THE 5TH
Westwood Sixshooters batting - Pitching for Athletic Club KC Academy : RHP Severiano Duclos
Batting: RHB Winston Sparks 0-0: Called Strike
0-1: Ball
1-1: Called Strike
1-2: Fly out, F3 (Popup, 3F)
Batting: SHB Arnold Smith 0-0: Ball
1-0: Ball
2-0: SINGLE (Groundball, 6MD)
Batting: LHB Brian Boone 0-0: Called Strike
0-1: DOUBLE (Line Drive, 78XD)
Arnold Smith to third
Batting: RHB Aurelio García 0-0: Ball
1-0: Foul Ball, location: 2F
1-1: Ball
2-1: DOUBLE (Line Drive, 7LS)
Arnold Smith scores
Brian Boone scores
Pitching: LHP António Silva
Pinch Runner at 2nd Davis Mills:
Batting: RHB Manuel Becerra 0-0: Fly out, F6 (Popup, 6)
Batting: RHB Brandon Cooper 0-0: Foul Ball, location: 2F
0-1: Swinging Strike
0-2: Ground out 5-3 (Groundball, 5L)
Bottom of the 5th over - 2 run(s), 3 hit(s), 0 error(s), 1 left on base; Athletic Club KC Academy 6 - Westwood 7
TOP OF THE 6TH
Athletic Club KC Academy batting - Pitching for Westwood Sixshooters : RHP Paul Abbott
Now in LF: Davis Mills
Batting: RHB William Williams 0-0: Ball
1-0: Ball
2-0: Ball
3-0: Called Strike
3-1: Base on Balls
Batting: LHB Ed Hammond 0-0: Called Strike
0-1: Ball
1-1: DOUBLE (Flyball, 78D)
William Williams to third
Batting: SHB António Montés 0-0: Fly out, F9 (Line Drive, 9M)
Runner from 3rd tags up, SCORES, no throw
Batting: RHB Chris Teague 0-0: Foul Ball, location: 2F
0-1: Ball
1-1: Foul Ball, location: 2F
1-2: Ball
2-2: Ball
3-2: Strikes out swinging
Batting: RHB Jason Dunn 0-0: Foul Ball, location: 2F
0-1: Ball
1-1: Ball
2-1: Ball
3-1: Base on Balls
Batting: RHB John Williams 0-0: Ball
1-0: Ball
2-0: Foul Ball, location: 2F
2-1: Ball
3-1: Base on Balls
Ed Hammond to third
Jason Dunn to second
Batting: RHB Mike Lovell 0-0: Fielders Choice at 2nd, 5-4 (Groundball, 5)
Top of the 6th over - 1 run(s), 1 hit(s), 0 error(s), 2 left on base; Athletic Club KC Academy 7 - Westwood 7
BOTTOM OF THE 6TH
Westwood Sixshooters batting - Pitching for Athletic Club KC Academy : LHP António Silva
Batting: RHB Pedro Cortés 0-0: Ball
1-0: Ball
2-0: Ground out 6-3 (Groundball, 6M)
Batting: RHB Sergio Martínez 0-0: Fly out, F9 (Line Drive, 9M)
Batting: RHB Bob Howells 0-0: Swinging Strike
0-1: Foul Ball, location: 2F
0-2: Ball
1-2: Ball
2-2: Ball
3-2: Fly out, F7 (Flyball, 78M)
Bottom of the 6th over - 0 run(s), 0 hit(s), 0 error(s), 0 left on base; Athletic Club KC Academy 7 - Westwood 7
TOP OF THE 7TH
Athletic Club KC Academy batting - Pitching for Westwood Sixshooters : RHP Paul Abbott
Pinch Hitting: LHB Jim Unknown 0-0: Ball
1-0: Reached on error, E4 (Groundball, 4)
Batting: RHB Frank Church 0-0: Bunted foul
0-1: Ball
1-1: Sac Bunt - play at second, runner OUT! 2-6
Pinch Hitting: RHB Ellis Martin 0-0: Ball
Frank Church steals 2nd base
1-0: Intentional Walk
Batting: LHB Ed Hammond 0-0: Called Strike
0-1: Ball
1-1: Ball
2-1: Foul Ball, location: 2F
2-2: Foul Ball, location: 2F
2-2: Ball
3-2: Strikes out looking
Batting: SHB António Montés 0-0: Ball
1-0: Called Strike
1-1: Fly out, F4 (Popup, 6MD)
Top of the 7th over - 0 run(s), 0 hit(s), 1 error(s), 2 left on base; Athletic Club KC Academy 7 - Westwood 7
BOTTOM OF THE 7TH
Westwood Sixshooters batting - Pitching for Athletic Club KC Academy : LHP António Silva
Now at 3B: Marty Jennings
Now in RF: Chris Smith
Batting: RHB Winston Sparks 0-0: Ball
1-0: Fly out, F2 (Popup, 23F)
Pinch Hitting: RHB Jason Boyer 0-0: Ball
1-0: Fly out, F8 (Line Drive, 8LM)
Pinch Hitting: RHB Brian Olivares 0-0: Swinging Strike
0-1: Foul Ball, location: 2F
0-2: Strikes out swinging
Bottom of the 7th over - 0 run(s), 0 hit(s), 0 error(s), 0 left on base; Athletic Club KC Academy 7 - Westwood 7
TOP OF THE 8TH
Athletic Club KC Academy batting - Pitching for Westwood Sixshooters : RHP Paul Abbott
Now at 2B: Ethan Jollymour
Now in LF: Jason Boyer
Batting: RHB Chris Teague 0-0: Swinging Strike
0-1: Foul Ball, location: 2F
0-2: Ball
1-2: Ball
2-2: Ball
3-2: Base on Balls
Pitching: RHP Ben Fallon
Batting: RHB Jason Dunn 0-0: DOUBLE (Groundball, 5L)
Chris Teague to third
Batting: RHB John Williams 0-0: Foul Ball, location: 2F
0-1: Ball
1-1: SINGLE (Line Drive, 78S)
Chris Teague scores
Jason Dunn to third
Runner from 3rd tries for Home, throw and OUT!
Batting: RHB Mike Lovell 0-0: Foul Ball, location: 2F
0-1: Ball
1-1: Foul Ball, location: 2F
1-2: Strikes out looking
Batting: RHB Marty Jennings 0-0: Ball
1-0: Called Strike
1-1: Swinging Strike
1-2: Ball
2-2: Ball
3-2: Strikes out swinging
Top of the 8th over - 1 run(s), 2 hit(s), 0 error(s), 1 left on base; Athletic Club KC Academy 8 - Westwood 7
BOTTOM OF THE 8TH
Westwood Sixshooters batting - Pitching for Athletic Club KC Academy : LHP António Silva
Batting: LHB Davis Mills 0-0: Foul Ball, location: 2F
0-1: Ground out 6-3 (Groundball, 6)
Pitching: RHP Alfonso Álvarez
Batting: RHB Manuel Becerra 0-0: Ball
1-0: SINGLE (Line Drive, 3)
Batting: RHB Brandon Cooper 0-0: Called Strike
0-1: Ball
1-1: Foul Ball, location: 2F
1-2: Grounds into double play, 6-4-3 (Groundball, 6)
Bottom of the 8th over - 0 run(s), 1 hit(s), 0 error(s), 0 left on base; Athletic Club KC Academy 8 - Westwood 7
TOP OF THE 9TH
Athletic Club KC Academy batting - Pitching for Westwood Sixshooters : RHP Ben Fallon
Pitching: RHP Juan Guillén
Batting: RHB Frank Church 0-0: Ball
1-0: Ground out 5-3 (Groundball, 56)
Batting: RHB Chris Smith 0-0: Foul Ball, location: 2F
0-1: Ball
1-1: Ground out 5-3 (Groundball, 56)
Batting: LHB Ed Hammond 0-0: Ball
1-0: Swinging Strike
1-1: SINGLE (Line Drive, 34)
Batting: SHB António Montés 0-0: Called Strike
0-1: Ball
1-1: Foul Ball, location: 2F
1-2: Strikes out swinging
Top of the 9th over - 0 run(s), 1 hit(s), 0 error(s), 1 left on base; Athletic Club KC Academy 8 - Westwood 7
BOTTOM OF THE 9TH
Westwood Sixshooters batting - Pitching for Athletic Club KC Academy : RHP Alfonso Álvarez
Pitching: LHP John McCord
Batting: RHB Pedro Cortés 0-0: Ball
1-0: Called Strike
1-1: Foul Ball, location: 2F
1-2: Strikes out looking
Batting: RHB Sergio Martínez 0-0: Swinging Strike
0-1: Ball
1-1: Ball
2-1: Foul Ball, location: 2F
2-2: Strikes out swinging
Batting: RHB Bob Howells 0-0: Swinging Strike
0-1: Ball
1-1: Ball
2-1: Ball
3-1: Base on Balls
Batting: RHB Winston Sparks 0-0: Called Strike
0-1: Ball
1-1: Fly out, F7 (Line Drive, 7M)
Bottom of the 9th over - 0 run(s), 0 hit(s), 0 error(s), 1 left on base; Athletic Club KC Academy 8 - Westwood 7
This league is powered by Out of the Park Baseball, the baseball management simulation game for PC, Mac and Linux
Friday, January 22nd, 2016 - OOTP Baseball 16.9 Build 39